[Event "*** Titled Tuesday Blitz"]
[Site "Chess.com"]
[Date "2020.03.03"]
[Round "2"]
[White "WeAintSurePal"]
[Black "Atanejhad"]
[Result "0-1"]
[WhiteElo "2321"]
[BlackElo "2614"]
[TimeControl "180+1"]
[EndTime "9:17:51 PST"]
[Termination "Atanejhad won by resignation"]

1. d4 Nf6 2. c4 g6 3. Nc3 Bg7 4. e4 d6 5. f3 O-O 6. Nge2 c5 7. Be3 cxd4 8. Nxd4 Nc6 9. Be2 Bd7 10. O-O Rc8 11.
Rc1 Qc7 12. Nd5 Qd8 13. Qd2 Ne5 14. b3 a6 15. a4 e6 16. Nxf6+ Bxf6 17. Nc2 Be7 18.
Rfd1 Qc7 19. a5 Qb8 20. Ne1 Nc6 21. Bf4 e5 22. Be3 Be6 23. Bb6 f5 24. Bd3 f4 25.
Nc2 Rce8 26. Bf1 Qc8 27. b4 Nb8 28. b5 Nd7 29. Bf2 Nc5 30. Nb4 Nb3 31. Qa2 Nxc1 32. Rxc1 Kg7 33. Qb2 Qc7 34. Bb6 Qd7 35. Nd5 Bxd5 36. exd5 Rc8 37. c5 dxc5 38. bxa6 bxa6 39. Qxe5+ Bf6 40. Qe6 Bd4+ 41. Kh1 Qxe6 42. dxe6 Rc6 43.
Bc4 Re8 44. h3 Kf6 45. Bd5 Rd6 46. Bc4 g5 47. Bb3 Rc8 48. Bc4 Re8 49. Bb3 Be3 50. Bc4 Bxc1 0-1

[Event "*** Titled Tuesday Blitz"]
[Site "Chess.com"]
[Date "2020.03.03"]
[Round "2"]
[White "doons21"]
[Black "Endgamegenius"]
[Result "1-0"]
[WhiteElo "2589"]
[BlackElo "2314"]
[TimeControl "180+1"]
[EndTime "9:17:51 PST"]
[Termination "doons21 won by resignation"]

1. d4 Nf6 2. c4 g6 3. Nc3 Bg7 4. e4 d6 5. Nf3 O-O 6. h3 e5 7. d5 a5 8. Be3 Na6 9. g4 Nd7 10. h4 Ndc5 11. Rg1 Bd7 12. Be2 Rb8 13. h5 Qc8 14. Nd2 Nb4 15. Qb1 Qd8 16. a3 Qh4 17.
axb4 axb4 18. Nb5 Kh8 19. Nf3 Qh3 20. Bxc5 dxc5 21. Rg3 Qh1+ 22. Kd2 Qxb1 23. Rxb1 f5 24. gxf5 gxf5 25. Rbg1 Bh6+ 26. Ng5 fxe4 27. Ke1 Rf4 28. Nxc7 Rc8 29. Nce6 Rf6 30. Nxe4 1-0

[Event "*** Titled Tuesday Blitz"]
[Site "Chess.com"]
[Date "2020.03.03"]
[Round "2"]
[White "Eliclax"]
[Black "AlexTruskavetsky"]
[Result "0-1"]
[WhiteElo "1881"]
[BlackElo "2405"]
[TimeControl "180+1"]
[EndTime "9:17:53 PST"]
[Termination "AlexTruskavetsky won by checkmate"]

1. d4 Nf6 2. c4 e6 3. Nc3 d5 4. Bg5 Bb4 5. Qc2 h6 6. Bh4 Nc6 7. e3 O-O 8. Nf3 Re8 9. Bg3 Ne4 10. a3 Bxc3+ 11. bxc3 Nxg3 12. hxg3 e5 13. dxe5 Nxe5 14. Nxe5 Rxe5 15. cxd5 Qxd5 16. Rd1 Qc6 17. Rd8+ Re8 18. Rxe8+ Qxe8 19. Rh4 Be6 20. Rd4 Qc6 21. f3 Re8 22. a4 a6 23. Kf2 Qc5 24. Qd2 Qe7 25. Rb4 c5 26. Re4 Rd8 27. Qb2 Qd7 28. Bc4 Qd1 29. Be2 Rd2 30. Qxb7 Rxe2# 0-1

[Event "*** Titled Tuesday Blitz"]
[Site "Chess.com"]
[Date "2020.03.03"]
[Round "2"]
[White "jmduque"]
[Black "Saloni1299"]
[Result "1-0"]
[WhiteElo "2434"]
[BlackElo "2038"]
[TimeControl "180+1"]
[EndTime "9:17:54 PST"]
[Termination "jmduque won by resignation"]

1. e4 e6 2. d4 d5 3. exd5 exd5 4. Nf3 Nc6 5. Bb5 Ne7 6. O-O f6 7. Re1 Kf7 8. c3 a6 9. Ba4 b5 10.
Bb3 Bf5 11. a4 Na5 12. axb5 axb5 13. Bc2 Nc4 14. Rxa8 Qxa8 15. Rxe7+ Bxe7 16. Bxf5 Re8 17. Nbd2 Nd6 18. Bd3 c6 19. Nb3 Ne4 20. Nfd2 Bd6 21. Nf1 Qc8 22. f3 Ng5 23. h4 Ne6 24. Bxh7 g6 25.
h5 gxh5 26. Qd3 Nf8 27. Bf5 Qc7 28. Bh6 Bf4 29. Bxf8 Kxf8 30. Bg6 Re1 31. Bxh5 Be3+ 32. Qxe3 Rxe3 33. Nxe3 Qf4 34. Nf1 f5 35. Nc5 Qg5 36.
Ne6+ 1-0

[Event "*** Titled Tuesday Blitz"]
[Site "Chess.com"]
[Date "2020.03.03"]
[Round "2"]
[White "VALPARAISO37"]
[Black "mrkvoz"]
[Result "0-1"]
[WhiteElo "2375"]
[BlackElo "2729"]
[TimeControl "180+1"]
[EndTime "9:17:56 PST"]
[Termination "mrkvoz won by checkmate"]

1. d4 d6 2. e4 Nf6 3. f3 e5 4. d5 Be7 5. c4 Nfd7 6. Be3 a5 7. Nc3 Na6 8. g3 Bg5 9. Bf2 Ndc5 10. h4 Bh6 11.
Na4 Bd7 12. Nxc5 Nxc5 13. Bd3 Nxd3+ 14. Qxd3 O-O 15. g4 g6 16. h5 Bg5 17. Ne2 c6 18. Ng3 cxd5 19. cxd5 Rc8 20. b3 Qf6 21. Kf1 b5 22. Kg2 b4 23. Ne2 Rc7 24. Bb6 Rb7 25.
Qa6 Rfb8 26. hxg6 Rxb6 27. gxh7+ Kh8 28. Qxa5 Rb5 29. Qc7 R5b7 30. Qa5 Rc8 31. Rhc1 Bxc1 32. Rxc1 Rxc1 33. Qa8+ Bc8 34. Nxc1 Rc7 35. Nd3 Qh4 36. Nxb4 Rc1 37. Qc6 Rxc6 38. Nxc6 Kxh7 39. b4 Bxg4 40. fxg4 Qxg4+ 41. Kf2 Qf4+ 42. Kg1 Qxe4 43. b5 Qxd5 44. a4 Qd1+ 45. Kf2 Qxa4 46. Nxe5 dxe5 47. b6 Qd4+ 48. Kf3 Qxb6 49. Ke4 Qe6 50. Kf3 Qc4 51. Kg3 Kg6 52. Kh3 Kf5 53. Kg3 Qe2 54. Kh4 Qh2# 0-1

[Event "*** Titled Tuesday Blitz"]
[Site "Chess.com"]
[Date "2020.03.03"]
[Round "2"]
[White "davserr65"]
[Black "KacperPolOK"]
[Result "0-1"]
[WhiteElo "2026"]
[BlackElo "2425"]
[TimeControl "180+1"]
[EndTime "9:17:57 PST"]
[Termination "KacperPolOK won by resignation"]

1. Nf3 e6 2. c4 f5 3. g3 Nf6 4. Bg2 d5 5. O-O Be7 6. d3 O-O 7. Nc3 d4 8. Nb1 c5 9. b4 Nc6 10. b5 Nb8 11. Nbd2 Nbd7 12. Nb3 e5 13. a4 Bd6 14. a5 Qe7 15. a6 e4 16. axb7 Bxb7 17. Ng5 h6 18. Nh3 g5 19. Na5 Nb6 20. Nxb7 Qxb7 21. Bd2 Kh7 22. Qc1 Rf7 23. Bxg5 hxg5 24. Nxg5+ Kg7 25. Nxf7 Kxf7 26. Ra6 Rh8 27. Qa3 Nc8 28. Ra1 Kg6 29. Rc6 Qh7 30. h3 e3 31.
fxe3 Bxg3 32. exd4 Qh6 33. Rxf6+ Kxf6 34. Qxc5 Qe3+ 35.
Kh1 Qxe2 36. Ra6+ Kg5 0-1

[Event "*** Titled Tuesday Blitz"]
[Site "Chess.com"]
[Date "2020.03.03"]
[Round "2"]
[White "GukeshDommaraju"]
[Black "Eltaj_Safarli"]
[Result "0-1"]
[WhiteElo "2661"]
[BlackElo "3025"]
[TimeControl "180+1"]
[EndTime "9:17:59 PST"]
[Termination "Eltaj_Safarli won by resignation"]

1. Nf3 g6 2. e4 Bg7 3. d4 d6 4.
Bc4 e6 5. O-O Ne7 6. c3 h6 7.
Re1 b6 8. Nbd2 Bb7 9. Nf1 Nd7 10.
Ng3 O-O 11. Be3 a6 12. a4 Kh7 13. Qd2 Nf6 14. Bd3 Ng4 15. h3 Nxe3 16. Qxe3 c5 17. Rad1 Qc7 18. h4 Rae8 19. h5 g5 20. e5+ Kg8 21.
Nxg5 cxd4 22. cxd4 hxg5 23. Qxg5 f6 24. exf6 Rxf6 25. h6 Rxh6 26. Nh5 Rxh5 27. Qxh5 Qd7 28. Re3 Kf8 29. Rde1 Bd5 30. Rg3 Nc6 31. Be4 Bxe4 32. Rxe4 Nxd4 33. Reg4 Ne2+ 34. Kh2 Nxg3 35. fxg3 Re7 36.
Qg5 Rf7 37. Rc4 d5 38. Rc2 Bf6 39. Qh6+ Ke7 40. Re2 Qe8 41. Qe3 Qh8+ 42. Kg1 Bd4 0-1

[Event "*** Titled Tuesday Blitz"]
[Site "Chess.com"]
[Date "2020.03.03"]
[Round "2"]
[White "Sanan_Sjugirov"]
[Black "Jungle_Jaguar"]
[Result "1-0"]
[WhiteElo "2834"]
[BlackElo "2590"]
[TimeControl "180+1"]
[EndTime "9:18:00 PST"]
[Termination "Sanan_Sjugirov won by resignation"]

1. e4 e5 2. Nf3 Nc6 3. Bb5 a6 4. Ba4 Nf6 5. O-O Be7 6. Re1 b5 7. Bb3 d6 8. c3 O-O 9. h3 Bb7 10. d3 Re8 11. Nbd2 Bf8 12. Nf1 h6 13. Ng3 Na5 14.
Bc2 c5 15. d4 exd4 16. cxd4 Nc6 17. a3 cxd4 18. Nxd4 Nxd4 19. Qxd4 Nd7 20. Bf4 Ne5 21. Rad1 Rc8 22. Bb3 Nc4 23. Nf5 Qd7 24. Rd3 Bxe4 25. Nxh6+ gxh6 26. Rxe4 Bg7 27. Rg3 f5 28. Rxe8+ Rxe8 29.
Bxh6 Re7 30. Bxc4+ bxc4 31. Qxc4+ d5 32. Qd4 Kh7 33. Rxg7+ Rxg7 34. Qxg7+ Qxg7 35. Bxg7 Kxg7 36. Kf1 1-0

[Event "*** Titled Tuesday Blitz"]
[Site "Chess.com"]
[Date "2020.03.03"]
[Round "2"]
[White "szefru"]
[Black "GelmanAlexander"]
[Result "0-1"]
[WhiteElo "2163"]
[BlackElo "2475"]
[TimeControl "180+1"]
[EndTime "9:18:01 PST"]
[Termination "GelmanAlexander won by checkmate"]

1. b3 c5 2. Bb2 e6 3. Nf3 Nf6 4. e3 Rg8 5. d4 g5 6. Be2 g4 7. Ne5 h5 8. Nd2 d6 9. Nd3 b6 10. c4 Bb7 11. f3 Nbd7 12. O-O Qe7 13. a4 a5 14. Nb1 Bh6 15. Bc1 O-O-O 16. Na3 gxf3 17.
Bxf3 Ne4 18. Nb5 f5 19. Nf4 h4 20. d5 Bxf4 21. exf4 exd5 22. cxd5 Ndf6 23. Re1 Nxd5 24. Qd3 Qg7 25. Ra2 Nb4 26. Qc4 Nxa2 27. Qe6+ Kb8 28. Rd1 h3 29. g3 Nxg3 30. Bxb7 Ne4+ 31. Kh1 Qg2# 0-1

[Event "*** Titled Tuesday Blitz"]
[Site "Chess.com"]
[Date "2020.03.03"]
[Round "2"]
[White "vladimirdamjanovic"]
[Black "GMSrinath"]
[Result "1/2-1/2"]
[WhiteElo "2638"]
[BlackElo "2882"]
[TimeControl "180+1"]
[EndTime "9:18:02 PST"]
[Termination "Game drawn by repetition"]

1. e4 c5 2. Nc3 d6 3. Nge2 Nf6 4.
g3 Nc6 5. Bg2 g6 6. O-O Bg7 7.
d3 O-O 8. Bg5 Rb8 9. a4 a6 10. Qd2 b5 11. axb5 axb5 12. Bh6 b4 13. Nd1 Nd4 14. Bxg7 Kxg7 15. Ne3 e5 16. f4 Nxe2+ 17.
Qxe2 exf4 18. Rxf4 Nd7 19. Bh3 Ne5 20. Bxc8 Rxc8 21.
b3 Ra8 22. Raf1 Ra2 23. Nd5 Nc6 24. Qf2 Qe8 25. Rf6 Qd7 26. Nb6 Qc7 27. Nc4 Nd4 28.
Nxd6 Rxc2 29. Ne8+ Rxe8 30. Rxf7+ Kg8 31. Rf8+ Kg7 32.
Qf6+ Kh6 33. Qh4+ Kg7 34. Qf6+ Kh6 35. Qh4+ Kg7 36. Qf6+ 1/2-1/2

[Event "*** Titled Tuesday Blitz"]
[Site "Chess.com"]
[Date "2020.03.03"]
[Round "2"]
[White "TigrVShlyape"]
[Black "RitvarsReimanis"]
[Result "1-0"]
[WhiteElo "2872"]
[BlackElo "2616"]
[TimeControl "180+1"]
[EndTime "9:18:09 PST"]
[Termination "TigrVShlyape won by resignation"]

1. d4 Nf6 2. Nf3 e6 3. Bf4 d5 4. e3 Bd6 5. Bxd6 Qxd6 6. c4 c6 7. Nc3 Nbd7 8. Bd3 O-O 9. O-O dxc4 10. Bxc4 b5 11. Be2 a6 12. e4 Qf4 13. g3 Qb8 14. e5 Nd5 15. Nxd5 cxd5 16. Bd3 f5 17. exf6 gxf6 18.
Nh4 f5 19. Re1 Nf6 20. Nf3 Ra7 21. Ne5 Rg7 22. Qd2 Qb6 23. Qf4 Ne4 24. Rad1 Bb7 25. Be2 a5 26. f3 Nf6 27. Kh1 b4 28. Rc1 a4 29. Bd3 a3 30. b3 Kh8 31. Rc5 Rc7 32. Rxc7 Qxc7 33. Ng6+ 1-0

[Event "*** Titled Tuesday Blitz"]
[Site "Chess.com"]
[Date "2020.03.03"]
[Round "2"]
[White "GianmarcoVaR"]
[Black "artooon"]
[Result "1/2-1/2"]
[WhiteElo "2559"]
[BlackElo "2762"]
[TimeControl "180+1"]
[EndTime "9:18:10 PST"]
[Termination "Game drawn by agreement"]

1. d4 Nf6 2. c4 e6 3. g3 d5 4. Nf3 Be7 5. Bg2 O-O 6. O-O dxc4 7. Qc2 c6 8. Qxc4 b5 9. Qc2 Bb7 10. a4 Nbd7 11. Rd1 c5 12. axb5 Qb6 13. Nc3 Rfc8 14. Be3 Ng4 15. dxc5 Nxc5 16. Bd4 Qc7 17. Rac1 e5 18.
Bxc5 Bxc5 19. e3 Bxe3 20. fxe3 Nxe3 21. Qe2 Nxd1 22. Rxd1 Qc5+ 23. Qf2 Qxf2+ 24. Kxf2 Rd8 25. Re1 f6 26. Re2 Rab8 27. Nh4 Kf7 28. Bxb7 Rxb7 29.
Nf5 Ke6 30. Ne3 Rc7 31. Nc2 Rc4 32. Ne3 Rcc8 33. Nc2 Rc4 34. Ne3 Rcd4 35. Ke1 h5 36. Nc2 Rc4 37. Ne3 Rcc8 38. Nc2 h4 39. Nb4 hxg3 40.
hxg3 Rc4 41. Nc6 Rd7 42. Na5 Rb4 43. Nc6 Rc4 44. Na5 Rb4 1/2-1/2

[Event "*** Titled Tuesday Blitz"]
[Site "Chess.com"]
[Date "2020.03.03"]
[Round "2"]
[White "Zavgorodniy_Serg"]
[Black "Nalatac"]
[Result "1-0"]
[WhiteElo "2536"]
[BlackElo "2275"]
[TimeControl "180+1"]
[EndTime "9:18:11 PST"]
[Termination "Zavgorodniy_Serg won on time"]

1. e4 e5 2. Nf3 Nc6 3. Bb5 Nf6 4. d3 Bc5 5. O-O Nd4 6. Nxd4 Bxd4 7. c3 Bb6 8. Be3 O-O 9. a4 d5 10. exd5 Nxd5 11.
Qf3 c6 12. Bc4 Be6 13. Bxb6 axb6 14. Nd2 Nf4 15. Rfd1 Bd5 16. Bxd5 Qxd5 17. Qxd5 Nxd5 18. Nc4 f6 19. a5 b5 20. Nd6 Rfb8 21. d4 exd4 22. Rxd4 Kf8 23. Nxb5 Rd8 24. Rad1 cxb5 25. Rxd5 Rxd5 26. Rxd5 Rxa5 27. g3 Ke7 28. Kg2 Ke6 29. c4 1-0

[Event "*** Titled Tuesday Blitz"]
[Site "Chess.com"]
[Date "2020.03.03"]
[Round "2"]
[White "swayamsm"]
[Black "Chessy222222"]
[Result "1-0"]
[WhiteElo "2492"]
[BlackElo "2189"]
[TimeControl "180+1"]
[EndTime "9:18:12 PST"]
[Termination "swayamsm won by resignation"]

1. d4 Nf6 2. Nf3 g6 3. Bg5 Bg7 4. Nbd2 h6 5. Bh4 d5 6. e3 O-O 7. Bd3 c6 8. c3 b6 9. Qe2 a5 10. h3 Ba6 11. g4 Bxd3 12. Qxd3 Nh7 13. g5 h5 14. Bg3 Re8 15. h4 Nd7 16. e4 Nhf8 17. e5 Ne6 18. O-O c5 19. Qb5 Qc8 20. Rac1 Rb8 21. c4 Qb7 22. dxc5 Ndxc5 23. cxd5 Qxd5 24.
Qc4 Red8 25. Qxd5 Rxd5 26. Nc4 Nd3 27. Rcd1 Ndf4 28. Rxd5 Nxd5 29. Rd1 Rd8 30. Rd2 Kf8 31. Nd4 Nxd4 32. Rxd4 Ke8 33. Kf1 Bf8 34. e6 f6 35. Ke2 Bg7 36. Rd2 f5 37. Be5 Bxe5 38. Nxe5 Nf4+ 39. Kd1 Rxd2+ 40. Kxd2 Nxe6 41. Nxg6 Kf7 42. Ne5+ Kg7 43. Ke3 Nc5 44. f4 e6 45. Nc4 Nd7 46.
Kd4 Kf7 47. Ne5+ Nxe5 48. Kxe5 Ke7 49. a4 Kf7 50. Kd6 1-0

[Event "*** Titled Tuesday Blitz"]
[Site "Chess.com"]
[Date "2020.03.03"]
[Round "2"]
[White "Lagravesamuell"]
[Black "hongnhung1234"]
[Result "1-0"]
[WhiteElo "2644"]
[BlackElo "2265"]
[TimeControl "180+1"]
[EndTime "9:18:14 PST"]
[Termination "Lagravesamuell won by resignation"]

1. d4 f5 2. c4 Nf6 3. Nc3 g6 4. Nf3 Bg7 5. e3 O-O 6. b4 d6 7. Bb2 Qe8 8. Qb3 Kh8 9. Be2 c6 10. d5 Na6 11. O-O Nc7 12. Rfd1 h6 13. Nd4 e5 14. dxe6 Nxe6 15. Nxe6 Qxe6 16. Rd2 a5 17. b5 Bd7 18. Rad1 Ne8 19. Na4 cxb5 20. Bxg7+ Nxg7 21. cxb5 Qxb3 22. axb3 Be6 23. Bc4 Bxc4 24.
bxc4 Ne8 25. c5 dxc5 26. Rd7 Nf6 27. Rxb7 Rfd8 28. Rxd8+ Rxd8 29. h3 Rc8 30. b6 Nd5 31.
Rd7 Nf6 32. Rc7 Rb8 33. b7 c4 34. Rc8+ 1-0

[Event "*** Titled Tuesday Blitz"]
[Site "Chess.com"]
[Date "2020.03.03"]
[Round "2"]
[White "Indianlad"]
[Black "BeanScreen"]
[Result "1-0"]
[WhiteElo "2956"]
[BlackElo "2655"]
[TimeControl "180+1"]
[EndTime "9:18:15 PST"]
[Termination "Indianlad won by checkmate"]

1. d4 d5 2. c4 dxc4 3. e4 c5 4. d5 e6 5. Nc3 exd5 6. Nxd5 Nf6 7.
Bxc4 Nxd5 8. Bxd5 Bd6 9. Qh5 O-O 10. Nf3 h6 11. Bxh6 Qf6 12. Bg5 Qxb2 13. O-O Nd7 14. Rab1 Qa3 15. Rb3 Qa6 16. Bd8 Bf4 17. Ng5 Bxg5 18.
Bxg5 Nf6 19. Bxf6 Qxf6 20. Rf3 Qe7 21. Rf4 Be6 22. Rh4 f6 23. Qh7+ Kf7 24. Rg4 Rg8 25. Qg6+ Kf8 26. Rf4 Bxd5 27. exd5 Rd8 28. Qd3 Rh8 29.
Re4 Qd6 30. g3 Qxd5 31. Qe3 b6 32. Re1 Kf7 33. Re7+ Kg6 34. h4 Qd3 35. Qe6 Rd6 36. Qg4+ Kh6 37. Qxg7+ Kh5 38. R1e5+ f5 39. Qg5# 1-0

[Event "*** Titled Tuesday Blitz"]
[Site "Chess.com"]
[Date "2020.03.03"]
[Round "2"]
[White "giantslayer83"]
[Black "TBergh98"]
[Result "1-0"]
[WhiteElo "2588"]
[BlackElo "2309"]
[TimeControl "180+1"]
[EndTime "9:18:16 PST"]
[Termination "giantslayer83 won by resignation"]

1. e4 Nf6 2. e5 Nd5 3. d4 d6 4. Nf3 dxe5 5. dxe5 c6 6. c4 Nb4 7. Qxd8+ Kxd8 8. Na3 Bf5 9. Bd2 e6 10. Nd4 Bg6 11.
h4 Nd7 12. h5 Bd3 13. f4 Bc5 14. Rh3 Bxf1 15. Kxf1 Bxd4 16. Bxb4 Bxb2 17. Rd1 Kc8 18. Nc2 c5 19. Ba5 Nb6 20. Bxb6 axb6 21. a3 Rd8 22.
Rxd8+ Kxd8 23. Rb3 Bc1 24. g3 Kc7 25. Ke2 Ra6 26. Kd1 Bxf4 27. gxf4 g6 28. h6 Ra4 29. Ne3 Kc6 30. Kc2 Ra8 31. Rd3 Rf8 32. Ng4 f5 33.
Nf6 Rf7 34. Ne8 Rd7 35. Rxd7 Kxd7 36. Nf6+ Ke7 37. Nxh7 Kf7 38. Ng5+ Kg8 39. Kb3 Kh8 40. Ka4 1-0

[Event "*** Titled Tuesday Blitz"]
[Site "Chess.com"]
[Date "2020.03.03"]
[Round "2"]
[White "piscatorox"]
[Black "Gogolev_Artemy"]
[Result "1-0"]
[WhiteElo "2262"]
[BlackElo "2504"]
[TimeControl "180+1"]
[EndTime "9:18:16 PST"]
[Termination "piscatorox won by checkmate"]

1. e4 c5 2. Nf3 Nf6 3. Nc3 d5 4. exd5 Nxd5 5. Bc4 Nxc3 6. bxc3 Nc6 7. Qe2 e6 8. O-O Be7 9. Rd1 O-O 10. d4 Qa5 11.
Bb2 b6 12. d5 Nd8 13. Ne5 Bf6 14. a4 Bb7 15. dxe6 fxe6 16. Nd7 Rf7 17. Nxf6+ Rxf6 18. Rd7 Rg6 19. f3 Bc6 20. Re7 h6 21. Bd3 Rf6 22. c4 Rf7 23. Rxf7 Kxf7 24. Qe5 Qd2 25. Qxg7+ Ke8 26. Bg6+ Nf7 27. Qxf7+ Kd8 28. Bf6+ Kc8 29. Qxe6+ Kb7 30. Be4 Bxe4 31. Qxe4+ Ka6 32. Qxa8 Qe3+ 33. Kh1 Qf4 34. Qc8+ Ka5 35. Bc3# 1-0

[Event "*** Titled Tuesday Blitz"]
[Site "Chess.com"]
[Date "2020.03.03"]
[Round "2"]
[White "Kotofeyca"]
[Black "vlad10898"]
[Result "0-1"]
[WhiteElo "2364"]
[BlackElo "2697"]
[TimeControl "180+1"]
[EndTime "9:18:18 PST"]
[Termination "vlad10898 won by checkmate"]

1. d4 Nf6 2. c4 g6 3. f3 Nc6 4.
e4 e5 5. d5 Nd4 6. Ne2 c5 7.
dxc6 dxc6 8. Nxd4 exd4 9. Bd3 Bg7 10. O-O O-O 11. Bg5 Qb6 12. b3 Nd7 13. f4 Nc5 14.
Kh1 Re8 15. e5 Nxd3 16. Qxd3 Bf5 17. Qg3 d3 18. Nd2 h6 19. Bf6 Bxf6 20. exf6 Qd4 21. Qh4 Re6 22. Rae1 Rae8 23. Rxe6 Rxe6 24. Qxh6 Qxf6 25.
Nf3 Re2 26. Ng5 Qg7 27. Qh4 f6 28. Nf3 Be4 29. Rd1 Bxf3 30. gxf3 d2 31. f5 gxf5 32. Qh3 Re1+ 33. Rxe1 dxe1=Q+ 34. Qf1 Qxf1# 0-1

[Event "*** Titled Tuesday Blitz"]
[Site "Chess.com"]
[Date "2020.03.03"]
[Round "2"]
[White "RestartingChess"]
[Black "ram1zan"]
[Result "0-1"]
[WhiteElo "2391"]
[BlackElo "2902"]
[TimeControl "180+1"]
[EndTime "9:18:20 PST"]
[Termination "ram1zan won by resignation"]

1. e4 c5 2. b3 Nf6 3. e5 Nd5 4. Bb2 Nc6 5. Bc4 Nc7 6. f4 d5 7.
exd6 Qxd6 8. Qf3 Bf5 9. Na3 a6 10. g4 Bd7 11. Ne2 e6 12. O-O-O b5 13. Bd3 O-O-O 14.
Nc3 Nb4 15. Be4 f5 16. gxf5 exf5 17. Bb7+ Kb8 18. Rhe1 Be7 19. Ncxb5 axb5 20. Be5 Qb6 21. Bxg7 Bf6 22. Bxf6 Qxf6 23. c3 Nc6 24. Bxc6 Bxc6 25. Qe3 Qd6 26. Qe5 Be4 27. Qxd6 Rxd6 28. Nc2 Rhd8 29. Ne3 Ne6 30. Rg1 Nxf4 31. Rgf1 Nd3+ 32. Kb1 Nf2+ 33. Kb2 Nxd1+ 34. Nxd1 Rxd2+ 35. Ka3 Rxd1 36. Rxd1 0-1

[Event "*** Titled Tuesday Blitz"]
[Site "Chess.com"]
[Date "2020.03.03"]
[Round "2"]
[White "Olga_Zhuravleva"]
[Black "boasovietica"]
[Result "0-1"]
[WhiteElo "2226"]
[BlackElo "2502"]
[TimeControl "180+1"]
[EndTime "9:18:21 PST"]
[Termination "boasovietica won by resignation"]

1. e4 c5 2. Nf3 Nc6 3. Nc3 d6 4. d4 cxd4 5. Nxd4 Nf6 6. Nb3 e6 7. Bd3 Be7 8. O-O O-O 9. f4 a6 10. Kh1 Qc7 11. Qf3 Nb4 12. Bd2 b5 13. a3 Nxd3 14.
cxd3 Bb7 15. Rae1 Bc6 16. Nd4 Rab8 17. Qh3 b4 18. Nce2 bxa3 19. bxa3 Bb5 20. Rc1 Qd7 21. e5 Nd5 22. f5 dxe5 23. fxe6 fxe6 24. Nxe6 Rxf1+ 25. Rxf1 Bxd3 26. Qxd3 Qxe6 27. h3 Nf6 28. Bg5 Rb3 29.
Qc2 Rxa3 30. Bxf6 Bxf6 31. Ng1 h6 32. Qg6 Qc6 33. Nf3 Rc3 34. Kh2 Rc1 35. Rxc1 Qxc1 36. Qe8+ Kh7 37. Qe6 Qf4+ 38. Kh1 e4 39. Nh2 Qc1+ 40.
Nf1 Qxf1+ 41. Kh2 Qf4+ 0-1

[Event "*** Titled Tuesday Blitz"]
[Site "Chess.com"]
[Date "2020.03.03"]
[Round "2"]
[White "kingofthenil"]
[Black "renehp"]
[Result "1-0"]
[WhiteElo "2591"]
[BlackElo "2320"]
[TimeControl "180+1"]
[EndTime "9:18:22 PST"]
[Termination "kingofthenil won on time"]

1. d4 Nf6 2. c4 e6 3. Nc3 Bb4 4.
a3 Bxc3+ 5. bxc3 d5 6. cxd5 Nxd5 7. Bd2 c5 8. e4 Ne7 9. Nf3 Nbc6 10. Be3 Qa5 11.
Qd2 cxd4 12. cxd4 Qxd2+ 13. Nxd2 b6 14. Nc4 O-O 15. Nd6 Rd8 16. Nxc8 Raxc8 17. Ba6 Rb8 18. Rd1 b5 19. a4 bxa4 20. O-O Rb4 21. d5 exd5 22.
exd5 Rxd5 23. Rc1 h6 24. h3 a3 25. Bc4 Re5 26. Rfd1 a5 27. Be2 a2 28. Bf3 Rb1 29. Rxb1 1-0

[Event "*** Titled Tuesday Blitz"]
[Site "Chess.com"]
[Date "2020.03.03"]
[Round "2"]
[White "juniortay"]
[Black "rogapa"]
[Result "0-1"]
[WhiteElo "2459"]
[BlackElo "2747"]
[TimeControl "180+1"]
[EndTime "9:18:24 PST"]
[Termination "rogapa won by resignation"]

1. e4 c5 2. Nf3 d6 3. d4 cxd4 4. Qxd4 Nf6 5. e5 Nc6 6. Bb5 Nd7 7. Bxc6 bxc6 8. exd6 exd6 9. O-O Nf6 10. Re1+ Be7 11. Bf4 d5 12. Qc5 Be6 13. Qxc6+ Nd7 14. Bd6 O-O 15. Bxe7 Qxe7 16. Nc3 Rfc8 17. Nxd5 Qf8 18. Qb7 Rab8 19. Qxa7 Rxb2 20. Ne3 Nc5 21. Qa3 Rbb8 22. Rad1 Ra8 23. Qb2 Rxa2 24. Qe5 Nd7 25. Qg5 h6 26. Qg3 Nf6 27. Ne5 Ne4 28. Qf4 Nc3 29. Rc1 Ra4 30. Qg3 Qa3 31. Kh1 Ne2 32. Qf3 Nxc1 33. Nf5 Na2 34. Ne7+ Qxe7 0-1

[Event "*** Titled Tuesday Blitz"]
[Site "Chess.com"]
[Date "2020.03.03"]
[Round "2"]
[White "Micki-taryan"]
[Black "Hubbery"]
[Result "1-0"]
[WhiteElo "3003"]
[BlackElo "2559"]
[TimeControl "180+1"]
[EndTime "9:18:25 PST"]
[Termination "Micki-taryan won on time"]

1. d4 Nf6 2. Nf3 d5 3. c4 e6 4.
Nc3 dxc4 5. e3 a6 6. a4 c5 7. Bxc4 cxd4 8. Nxd4 Bb4 9. O-O O-O 10.
Bd2 Bd7 11. Rc1 Nc6 12. Nf3 Rc8 13. Ba2 Qa5 14. Bb1 Rfd8 15. Qb3 Be8 16. Rfd1 Qh5 17. h3 h6 18. Be1 Qa5 19. Rxd8 Rxd8 20. Qc2 g6 21.
Nd2 Bxc3 22. bxc3 Ne5 23. Qb2 Bxa4 24. c4 Qc7 25. f4 Ned7 26. Bh4 Qc5 27. Qc3 Rc8 28. Nf3 Bc6 29. Ne5 Nxe5 30. Bxf6 Nxc4 31. Qxc4 Qxe3+ 32. Kh2 Qf2 33. Be4 Kh7 34. Bxc6 Rxc6 35. Qf1 Qe3 36. Rd1 1-0

[Event "*** Titled Tuesday Blitz"]
[Site "Chess.com"]
[Date "2020.03.03"]
[Round "2"]
[White "MergenKakabaev"]
[Black "Off-War"]
[Result "0-1"]
[WhiteElo "2460"]
[BlackElo "2748"]
[TimeControl "180+1"]
[EndTime "9:18:26 PST"]
[Termination "Off-War won by resignation"]

1. e4 e6 2. d4 d5 3. e5 c5 4.
c3 Nc6 5. Nf3 Bd7 6. a3 f6 7.
Bd3 Qc7 8. O-O fxe5 9. dxe5 O-O-O 10. Qe2 Be7 11. b4 Nh6 12. Nbd2 Nf7 13. Re1 c4 14. Bc2 g6 15. a4 g5 16. b5 Na5 17. Nd4 g4 18. Nf1 h5 19. Bf4 Rdf8 20. Ne3 Bg5 21. Nxd5 exd5 22. e6 Bxf4 23. exd7+ Kb8 24. Ne6 Qxd7 25.
Nxf4 Re8 26. Qd2 Nb3 27. Qxd5 Qxd5 28. Nxd5 Nxa1 29. Rxa1 Rd8 30. Ne3 Ne5 31. Be4 Rd2 32. a5 Rf8 33. a6 Rdxf2 34. axb7 Re2 35. b6 a6 36. Bd5 Rxe3 37. g3 Nd3 38. Rxa6 Re1+ 0-1

[Event "*** Titled Tuesday Blitz"]
[Site "Chess.com"]
[Date "2020.03.03"]
[Round "2"]
[White "INDIAN-ELEPHANT"]
[Black "ural58"]
[Result "1-0"]
[WhiteElo "2737"]
[BlackElo "2411"]
[TimeControl "180+1"]
[EndTime "9:18:27 PST"]
[Termination "INDIAN-ELEPHANT won on time"]

1. d4 d5 2. Nf3 Nc6 3. c4 e5 4. cxd5 Qxd5 5. Nc3 Bb4 6. Bd2 Bxc3 7. Bxc3 e4 8. Ne5 Nxe5 9. dxe5 Ne7 10. e3 Be6 11. Qa4+ c6 12. Be2 Ng6 13. Rd1 Qxa2 14. Qxe4 Bd5 15.
Qb4 Qb3 16. Qxb3 Bxb3 17. Rd6 Rd8 18. Rxd8+ Kxd8 19. f4 Re8 20. Kf2 Kc7 21. h4 Ne7 22. e4 c5 23. h5 Nc6 24. g4 a6 25. Rc1 h6 26. Ke3 Kb6 27. e6 f6 28. f5 Rd8 29.
g5 Nd4 30. gxf6 gxf6 31. Rg1 Nxe2 32. Kxe2 Bc4+ 33. Kf2 Bd3 34. Rd1 c4 35. Ke3 Rf8 36. e7 Re8 37. Bxf6 Kc6 38. Rxd3 cxd3 39. Kxd3 Kd7 40.
Kd4 Rg8 41. e5 Rg2 42. e6+ Ke8 43. Ke4 Re2+ 44. Kf3 Re1 45. Bh4 Rf1+ 46. Ke4 Rh1 47. Bf2 Rxh5 48. f6 1-0

[Event "*** Titled Tuesday Blitz"]
[Site "Chess.com"]
[Date "2020.03.03"]
[Round "2"]
[White "viktorko131"]
[Black "maestroza"]
[Result "0-1"]
[WhiteElo "2125"]
[BlackElo "2468"]
[TimeControl "180+1"]
[EndTime "9:18:27 PST"]
[Termination "maestroza won on time"]

1. e4 Nf6 2. e5 Nd5 3. c4 Nb6 4. d4 d6 5. exd6 exd6 6. h3 Nc6 7. Nf3 Bf5 8. a3 Be7 9. Be2 O-O 10.
O-O Bf6 11. Nc3 Re8 12. Be3 d5 13. c5 Nc8 14. b4 a6 15. Bd3 N8e7 16. Rb1 Qd7 17. a4 a5 18. b5 Nb4 19. Bxf5 Qxf5 20.
Rb2 h6 21. Re2 Ng6 22. Qd2 Re7 23. Nh2 Rae8 24. Ng4 Nh4 25. Bxh6 Qg6 26. Nxf6+ gxf6 27.
g4 Nf3+ 0-1